NWL (28 & UNDER)
RIVERSIDE RED BULLS @ MENLO MANIACS
04/10/2025
 
TOP OF THE 1ST
Riverside Red Bulls batting - Pitching for Menlo Maniacs : LHP Phil Davis
Pitching: LHP Phil Davis
Batting: LHB Henry Leroux 0-0: Called Strike
0-1: Ground out 4-3 (Groundball, 4M)
Batting: RHB Brandon Pope 0-0: Called Strike
0-1: Swinging Strike
0-2: Strikes out swinging
Batting: LHB John Doby 0-0: Called Strike
0-1: Called Strike
0-2: Foul Ball, location: 2F
0-2: Strikes out looking
Top of the 1st over - 0 run(s), 0 hit(s), 0 error(s), 0 left on base; Riverside 0 - Menlo 0
BOTTOM OF THE 1ST
Menlo Maniacs batting - Pitching for Riverside Red Bulls : RHP Roberto Moreno
Pitching: RHP Roberto Moreno
Batting: LHB Pedro Rodríguez 0-0: Ball
1-0: Foul Ball, location: 2F
1-1: Fly out, F4 (Line Drive, 4)
Batting: RHB Ernest Russell 0-0: Ball
1-0: Ball
2-0: Ball
3-0: Base on Balls
Batting: RHB Steve Sampson 0-0: Ball
1-0: Fly out, F8 (Line Drive, 8RM)
Batting: RHB Bob Campbell 0-0: Ball
1-0: Fly out, F7 (Flyball, 78M)
Bottom of the 1st over - 0 run(s), 0 hit(s), 0 error(s), 1 left on base; Riverside 0 - Menlo 0
TOP OF THE 2ND
Riverside Red Bulls batting - Pitching for Menlo Maniacs : LHP Phil Davis
Batting: RHB Earnest Finnegan 0-0: Ball
1-0: Fly out, F3 (Popup, 3F)
Batting: RHB Hyo-sang Yu 0-0: Ball
1-0: Called Strike
1-1: Swinging Strike
1-2: Ball
2-2: Strikes out looking
Batting: RHB Soshu Nakamura 0-0: Called Strike
0-1: DOUBLE (Groundball, 5L)
Batting: RHB Kelly Jones 0-0: Called Strike
0-1: Ball
1-1: Swinging Strike
1-2: Ball
2-2: Strikes out swinging
Top of the 2nd over - 0 run(s), 1 hit(s), 0 error(s), 1 left on base; Riverside 0 - Menlo 0
BOTTOM OF THE 2ND
Menlo Maniacs batting - Pitching for Riverside Red Bulls : RHP Roberto Moreno
Batting: RHB Daryl Floyd 0-0: Ball
1-0: DOUBLE (Groundball, 5L)
Batting: RHB Jesús Cuevas 0-0: Fly out, F4 (Popup, 13)
Batting: RHB Paul Hardy 0-0: Called Strike
0-1: Ball
1-1: Swinging Strike
1-2: Foul Ball, location: 2F
1-2: Strikes out swinging
Batting: RHB David Strickland 0-0: Ball
1-0: Ball
2-0: Ground out 6-3 (Groundball, 6)
Bottom of the 2nd over - 0 run(s), 1 hit(s), 0 error(s), 1 left on base; Riverside 0 - Menlo 0
TOP OF THE 3RD
Riverside Red Bulls batting - Pitching for Menlo Maniacs : LHP Phil Davis
Batting: RHB Jorge Flores 0-0: Ball
1-0: Called Strike
1-1: Ball
2-1: Ball
3-1: Fly out, F8 (Flyball, 8RS)
Batting: RHB Kevin Brown 0-0: Foul Ball, location: 2F
0-1: Foul Ball, location: 2F
0-2: Strikes out swinging
Batting: LHB Henry Leroux 0-0: Ball
1-0: Ground out 6-3 (Groundball, 6S)
Top of the 3rd over - 0 run(s), 0 hit(s), 0 error(s), 0 left on base; Riverside 0 - Menlo 0
BOTTOM OF THE 3RD
Menlo Maniacs batting - Pitching for Riverside Red Bulls : RHP Roberto Moreno
Batting: SHB António Trinidad 0-0: SINGLE (Groundball, 3D)
Batting: LHB Pedro Rodríguez 0-0: Swinging Strike
0-1: Ball
1-1: Foul Ball, location: 2F
1-2: Ball
2-2: DOUBLE (Line Drive, 9LS)
António Trinidad to third
Batting: RHB Ernest Russell 0-0: Ball
1-0: Foul Ball, location: 2F
1-1: Ball
2-1: Foul Ball, location: 2F
2-2: Ground out 1-3 (Groundball, 15)
Batting: RHB Steve Sampson 0-0: Ball
1-0: Ball
2-0: Ball
3-0: Base on Balls
Batting: RHB Bob Campbell 0-0: Called Strike
0-1: Ball
1-1: Foul Ball, location: 2F
1-2: Foul Ball, location: 2F
1-2: Foul Ball, location: 2F
1-2: Foul Ball, location: 2F
1-2: Strikes out looking
Batting: RHB Daryl Floyd 0-0: Ball
1-0: Ball
2-0: Called Strike
2-1: Foul Ball, location: 2F
2-2: Fly out, F8 (Flyball, 78D)
Bottom of the 3rd over - 0 run(s), 2 hit(s), 0 error(s), 3 left on base; Riverside 0 - Menlo 0
TOP OF THE 4TH
Riverside Red Bulls batting - Pitching for Menlo Maniacs : LHP Phil Davis
Batting: RHB Brandon Pope 0-0: Ground out 5-3 (Groundball, 5)
Batting: LHB John Doby 0-0: Called Strike
0-1: Fly out, F5 (Popup, 5)
Batting: RHB Earnest Finnegan 0-0: Called Strike
0-1: Foul Ball, location: 2F
0-2: Foul Ball, location: 2F
0-2: Strikes out swinging
Top of the 4th over - 0 run(s), 0 hit(s), 0 error(s), 0 left on base; Riverside 0 - Menlo 0
BOTTOM OF THE 4TH
Menlo Maniacs batting - Pitching for Riverside Red Bulls : RHP Roberto Moreno
Batting: RHB Jesús Cuevas 0-0: Called Strike
0-1: Called Strike
0-2: Strikes out swinging
Batting: RHB Paul Hardy 0-0: Ball
1-0: Foul Ball, location: 2F
1-1: Foul Ball, location: 2F
1-2: Strikes out swinging
Batting: RHB David Strickland 0-0: Ball
1-0: Ball
2-0: Foul Ball, location: 2F
2-1: Foul Ball, location: 2F
2-2: Strikes out swinging
Bottom of the 4th over - 0 run(s), 0 hit(s), 0 error(s), 0 left on base; Riverside 0 - Menlo 0
TOP OF THE 5TH
Riverside Red Bulls batting - Pitching for Menlo Maniacs : LHP Phil Davis
Batting: RHB Hyo-sang Yu 0-0: Ball
1-0: Called Strike
1-1: Foul Ball, location: 2F
1-2: Ball
2-2: Ball
3-2: Base on Balls
Batting: RHB Soshu Nakamura 0-0: Called Strike
0-1: Ball
1-1: Fly out, F9 (Flyball, 89S)
Batting: RHB Kelly Jones 0-0: Grounds into double play, 6-4-3 (Groundball, 6)
Top of the 5th over - 0 run(s), 0 hit(s), 0 error(s), 0 left on base; Riverside 0 - Menlo 0
BOTTOM OF THE 5TH
Menlo Maniacs batting - Pitching for Riverside Red Bulls : RHP Roberto Moreno
Batting: SHB António Trinidad 0-0: Called Strike
0-1: Called Strike
0-2: Ball
1-2: Foul Ball, location: 2F
1-2: Strikes out looking
Batting: LHB Pedro Rodríguez 0-0: Ball
1-0: SOLO HOME RUN (Flyball, 89XD), Distance : 404 ft
Batting: RHB Ernest Russell 0-0: Ball
1-0: Called Strike
1-1: Ground out 6-3 (Groundball, 6)
Batting: RHB Steve Sampson 0-0: Ball
1-0: Swinging Strike
1-1: Ball
2-1: Swinging Strike
2-2: Foul Ball, location: 2F
2-2: Ball
3-2: Base on Balls
Batting: RHB Bob Campbell 0-0: Ball
1-0: Ball
2-0: Ball
3-0: Called Strike
3-1: Fly out, F4 (Popup, 4M)
Bottom of the 5th over - 1 run(s), 1 hit(s), 0 error(s), 1 left on base; Riverside 0 - Menlo 1
TOP OF THE 6TH
Riverside Red Bulls batting - Pitching for Menlo Maniacs : LHP Phil Davis
Batting: RHB Jorge Flores 0-0: Ball
1-0: Ball
2-0: Called Strike
2-1: SINGLE (Groundball, 56D)
Batting: RHB Kevin Brown 0-0: Foul Ball, location: 2F
0-1: Ball
1-1: Fly out, F7 (Flyball, 7S)
Batting: LHB Henry Leroux 0-0: Swinging Strike
0-1: Ball
1-1: Ball
2-1: Foul Ball, location: 2F
2-2: Foul Ball, location: 2F
2-2: Strikes out swinging
Batting: RHB Brandon Pope 0-0: Called Strike
0-1: Ball
1-1: Ball
2-1: Fly out, F9 (Flyball, 89M)
Top of the 6th over - 0 run(s), 1 hit(s), 0 error(s), 1 left on base; Riverside 0 - Menlo 1
BOTTOM OF THE 6TH
Menlo Maniacs batting - Pitching for Riverside Red Bulls : RHP Roberto Moreno
Pitching: LHP Pedro Veláquez
Batting: RHB Daryl Floyd 0-0: Ball
1-0: Called Strike
1-1: Ball
2-1: Ground out 5-3 (Groundball, 5S)
Batting: RHB Jesús Cuevas 0-0: Called Strike
0-1: Ball
1-1: Called Strike
1-2: Fly out, F9 (Flyball, 9S)
Batting: RHB Paul Hardy 0-0: Ball
1-0: Fly out, F4 (Popup, 4)
Bottom of the 6th over - 0 run(s), 0 hit(s), 0 error(s), 0 left on base; Riverside 0 - Menlo 1
TOP OF THE 7TH
Riverside Red Bulls batting - Pitching for Menlo Maniacs : LHP Phil Davis
Batting: LHB John Doby 0-0: Ball
1-0: Called Strike
1-1: Ball
2-1: Called Strike
2-2: Ball
3-2: Strikes out looking
Batting: RHB Earnest Finnegan 0-0: Called Strike
0-1: Ball
1-1: Ball
2-1: Fly out, F1 (Line Drive, 13)
Batting: RHB Hyo-sang Yu 0-0: Called Strike
0-1: Ball
1-1: Ground out 5-3 (Groundball, 5)
Top of the 7th over - 0 run(s), 0 hit(s), 0 error(s), 0 left on base; Riverside 0 - Menlo 1
BOTTOM OF THE 7TH
Menlo Maniacs batting - Pitching for Riverside Red Bulls : LHP Pedro Veláquez
Batting: RHB David Strickland 0-0: Foul Ball, location: 2F
0-1: Ground out 3-1 (Groundball, 34)
Batting: SHB António Trinidad 0-0: Ball
1-0: Called Strike
1-1: Foul Ball, location: 2F
1-2: Foul Ball, location: 2F
1-2: Strikes out swinging
Batting: LHB Pedro Rodríguez 0-0: Swinging Strike
0-1: Ball
1-1: SINGLE (Groundball, 34)
Pinch Hitting: RHB Sixto Vélez 0-0: Fly out, F5 (Line Drive, 5S)
Bottom of the 7th over - 0 run(s), 1 hit(s), 0 error(s), 1 left on base; Riverside 0 - Menlo 1
TOP OF THE 8TH
Riverside Red Bulls batting - Pitching for Menlo Maniacs : LHP Phil Davis
Now at 2B: Sixto Vélez
Batting: RHB Soshu Nakamura 0-0: Ball
1-0: Ground out 6-3 (Groundball, 6M)
Batting: RHB Kelly Jones 0-0: Ball
1-0: Ball
2-0: Called Strike
2-1: Ground out 6-3 (Groundball, 6)
Batting: RHB Jorge Flores 0-0: Swinging Strike
0-1: Ball
1-1: Ground out 1-3 (Groundball, 15)
Top of the 8th over - 0 run(s), 0 hit(s), 0 error(s), 0 left on base; Riverside 0 - Menlo 1
BOTTOM OF THE 8TH
Menlo Maniacs batting - Pitching for Riverside Red Bulls : LHP Pedro Veláquez
Pitching: RHP Paco Ríos
Batting: RHB Steve Sampson 0-0: Ball
1-0: Ball
2-0: Ground out 6-3 (Groundball, 6)
Batting: RHB Bob Campbell 0-0: Ball
1-0: Ball
2-0: Called Strike
2-1: Ball
3-1: Foul Ball, location: 2F
3-2: SINGLE (Line Drive, 8LS)
Pinch Hitting: LHB Marcos Pérez 0-0: Foul Ball, location: 2F
0-1: Fly out, F7 (Flyball, 7S)
Pinch Hitting: RHB Yasuhiko Sumita 0-0: Called Strike
0-1: Ball
1-1: Ball
2-1: Ball
3-1: Foul Ball, location: 2F
3-2: Foul Ball, location: 2F
3-2: Base on Balls
Bob Campbell to second
Batting: RHB Paul Hardy 0-0: Fielders Choice at 2nd, U6 (Groundball, 6M)
Bottom of the 8th over - 0 run(s), 1 hit(s), 0 error(s), 2 left on base; Riverside 0 - Menlo 1
TOP OF THE 9TH
Riverside Red Bulls batting - Pitching for Menlo Maniacs : LHP Phil Davis
Pitching: LHP Steven England
Now at 3B: Ron McCoy
Now in RF: Marcos Pérez
Pinch Hitting: SHB Luis Alonso 0-0: Foul Ball, location: 2F
0-1: Swinging Strike
0-2: Ball
1-2: Ball
2-2: Fly out, F8 (Flyball, 8LM)
Batting: LHB Henry Leroux 0-0: Ball
1-0: Ball
2-0: Called Strike
2-1: Foul Ball, location: 2F
2-2: Foul Ball, location: 2F
2-2: Ground out 4-3 (Groundball, 4)
Batting: RHB Brandon Pope 0-0: Ball
1-0: Swinging Strike
1-1: Ball
2-1: Ground out U3 (Groundball, 3)
Top of the 9th over - 0 run(s), 0 hit(s), 0 error(s), 0 left on base; Riverside 0 - Menlo 1
This league is powered by Out of the Park Baseball, the baseball management simulation game for PC, Mac and Linux
Tuesday, August 2nd, 2016 - OOTP Baseball 16.8 Build 38